 Dungeon Crawl Stone Soup version 0.18.1-50-g88ac8fd (webtiles) character file.

135 ramzac the Cudgeler (level 4, -1/40 HPs)
             Began as a Minotaur Berserker on Jan 10, 2017.
             Was a Believer of Trog.
             Slain by Sigmund
             ... wielding a +0 scythe
              (2 damage)
             ... on level 3 of the Dungeon.
             The game lasted 00:03:20 (2127 turns).

ramzac the Cudgeler (Minotaur Berserker)            Turns: 2127, Time: 00:03:20

Health: -1/40      AC:  3    Str: 23    XL:     4   Next: 97%
Magic:  3/3        EV: 13    Int:  4    God:    Trog [**....]
Gold:   92         SH:  0    Dex:  9    Spells: 0 memorised, 3 levels left

rFire  . . .     SeeInvis .     s - +0 flail
rCold  . . .     Gourm    .     b - +0 animal skin
rNeg   . . .     Faith    .     (no shield)
rPois  .         Spirit   .     (helmet restricted)
rElec  .         Dismiss  .     k - +0 cloak (curse)
rCorr  .         Reflect  .     (no gloves)
SustAt .         Harm     .     (no boots)
MR     .....                    (no amulet)
Stlth  +.........               (no ring)
                                (no ring)

@: not resistant to hostile enchantments, very unstealthy
A: retaliatory headbutt, horns 2
a: Berserk, Trog's Hand, Burn Spellbooks, Renounce Religion


You were on level 3 of the Dungeon.
You worshipped Trog.
Trog was pleased with you.
You were not hungry.

You visited 1 branch of the dungeon, and saw 3 of its levels.

You collected 92 gold pieces.

Inventory:

Hand Weapons
 s - a +0 flail (weapon)
Armour
 b - a +0 animal skin (worn)
 k - a cursed +0 cloak (worn)
Scrolls
 d - 2 scrolls of recharging {unknown}
 e - 2 scrolls of teleportation {unknown}
 f - 2 scrolls of remove curse {unknown}
 l - 2 scrolls of identify {unknown}
 o - a scroll of fear {unknown}
 p - a scroll of immolation {unknown}
Potions
 g - 2 potions of curing {unknown}
 h - a potion of heal wounds {unknown}
 i - 2 potions of cure mutation {unknown}
 m - 3 potions of agility {unknown}
 q - a potion of might {unknown}
Comestibles
 c - 2 bread rations
 j - 2 meat rations
 n - 5 fruits
 r - a beef jerky


   Skills:
 + Level 4.3 Fighting
 + Level 5.0 Maces & Flails
 + Level 3.1 Armour
 + Level 3.8 Dodging


You had 3 spell levels left.
You didn't know any spells.

Dungeon Overview and Level Annotations

Branches:
Dungeon (3/15)

Altars:

Annotations:
D:3 Sigmund


Innate Abilities, Weirdness & Mutations

You reflexively headbutt those who attack you in melee.
You have a pair of horns on your head.


Message History

You hit Sigmund.
Sigmund is severely wounded.
The rat bites you but does no damage. The gnoll barely misses you. x2
Sigmund mumbles some strange words.
Sigmund flickers and vanishes!
Deactivating autopickup; reactivate with Ctrl-A.
You hit the gnoll.
The gnoll is lightly wounded.
The rat misses you. You furiously retaliate!
You headbutt the rat.
You kill the rat!
Trog accepts your kill. The gnoll hits you but does no damage.
The gnoll closely misses you. The gnoll misses you.
Something barely misses you. The gnoll hits you but does no damage.
The gnoll barely misses you. You furiously retaliate!
You headbutt the gnoll! Something hits you!
* * * LOW HITPOINT WARNING * * *
A giant cockroach comes into view.
Something hits you.
You die...

........##..........#.#.
................8.......
#s.............8.8..#...
#............8._.8.#..#
#............8.8......
#....g..(#...8.......
.#..g..#.#.......#...
#.#.g{##.#.##..#.#...
#.#@....#.#.....#...
##.#....#...........
###....###.........
#....# #........# #....#
#.....#..# #....#
#........# ....#
#........# #####
#....#### ....#


You could see 3 gnolls and a giant cockroach (wandering).

Vanquished Creatures
  3 gnolls (D:3)
  5 adders (D:2)
  An ooze (D:2)
  3 worms (D:2)
  A dart slug (D:1)
  A giant gecko (D:2)
  An orc (D:3)
  4 giant cockroaches
  2 goblins
  4 hobgoblins
  7 kobolds
  2 quokkas
  A ball python (D:1)
  6 bats
  4 giant newts
  4 rats
49 creatures vanquished.

Notes
Turn   | Place    | Note
--------------------------------------------------------------
     0 | D:1      | ramzac the Minotaur Berserker began the quest for the Orb.
     0 | D:1      | Reached XP level 1. HP: 19/19 MP: 0/0
     6 | D:1      | Noticed a queen ant
     6 | D:1      | Noticed an iguana
     7 | D:1      | Noticed an ettin
   185 | D:1      | Reached skill level 4 in Maces & Flails
   192 | D:1      | Reached XP level 2. HP: 20/27 MP: 1/1
   312 | D:1      | Reached ** piety under Trog
   604 | D:2      | Reached XP level 3. HP: 33/33 MP: 2/2
  1279 | D:2      | Reached XP level 4. HP: 39/40 MP: 3/3
  1802 | D:3      | Reached skill level 5 in Maces & Flails
  2099 | D:3      | Found a faded altar to an unknown god.
  2116 | D:3      | Noticed Sigmund
  2126 | D:3      | HP: 1/40 [something (13)]
  2127 | D:3      | Slain by Sigmund

Skill      XL: |  1  2  3  4 |
---------------+-------------+-----
Maces & Flails | 4 5 |  5.0
Dodging        | 3 |  3.8
Fighting       | 4 |  4.3
Armour         | 3 |  3.1

Action                   |  1- 3 |  4- 6 || total
-------------------------+-------+-------++-------
Melee: Mace              |    72 |    27 ||    99
       Headbutt          |     5 |     7 ||    12
       Flail             |       |    24 ||    24
 Stab: Distracted        |       |     1 ||     1
  Eat: Chunk             |     1 |     3 ||     4
Armor: Animal skin       |    13 |    17 ||    30
Dodge: Dodged            |    50 |    43 ||    93
